AoeStats
← Johsebass

Arena

510362512Analyzed
2v2 RM · 14h ago on Sep 30, 2026· 53m 34s· 4 players
Game mode
Random Map
Map size
Medium (4 player)
Population
200
Speed
Normal
Resources
Standard
Victory
Conquest
Starting age
Dark Age
Ending age
Imperial Age
RankedLock teamsTeams togetherTeam positionsShared explorationLock speedFull tech treeHidden civsTurbo modeCheats
Victory
Defeat
🇫🇮 Spanish · Finland
994
+14
🇮🇹 Franks · Italy
957
+15
🇳🇴 Persians · Norway
943
-15
🇳🇴 Vikings · Norway
940
-14
osmevoll
9:03 Loom
11:08 Feudal Age
15:13 Castle Age
14:08 Double-Bit Axe
16:39 Bow Saw
16:17 Horse Collar
25:48 Scale Barding Armor
27:03 Bloodlines
26:53 Husbandry
28:52 Chain Barding Armor
29:52 Wheelbarrow
29:30 Forging
29:32 Fletching
30:21 Heavy Plow
30:59 Iron Casting
30:28 Murder Holes
30:57 Ballistics
30:57 Bodkin Arrow
31:33 Kamandaran
35:11 Imperial Age
33:23 Padded Archer Armor
34:10 Hand Cart
34:43 Thumb Ring
33:59 Crossbowman
35:01 Leather Archer Armor
34:54 Cavalier
36:13 Plate Barding Armor
36:39 Blast Furnace
37:18 Two-Man Saw
37:21 Ring Archer Armor
36:53 Savar
41:34 Citadels
Johsebass
12:16 Feudal Age
16:29 Castle Age
14:30 Double-Bit Axe
14:47 Horse Collar
17:59 Bow Saw
18:51 Heavy Plow
24:20 Gold Mining
24:20 Stone Mining
24:29 Stone Mining
25:06 Loom
25:06 Town Watch
25:30 Treadmill Crane
27:15 Murder Holes
26:47 Crossbowman
32:24 Imperial Age
30:38 Gold Shaft Mining
30:31 Fletching
30:51 Forging
30:42 Padded Archer Armor
30:42 Scale Mail Armor
31:07 Ballistics
30:58 Fortified Wall
31:04 Masonry
31:19 Elite Skirmisher
31:56 Bodkin Arrow
32:37 Iron Casting
32:07 Chieftains
33:13 Leather Archer Armor
33:45 Chain Mail Armor
34:52 Chemistry
33:58 Siege Engineers
34:40 Crop Rotation
35:20 Two-Man Saw
35:12 Conscription
35:39 Hoardings
35:44 Architecture
35:12 Pikeman
36:25 Squires
36:11 Arson
37:05 Elite Berserk
37:49 Arbalester
39:04 Elite Varangian Guard
40:26 Capped Ram
44:19 Siege Ram
47:56 Bogsveigar
49:14 Bracer
50:15 Blast Furnace
49:45 Ring Archer Armor
49:46 Plate Mail Armor
jahlem
5:29 Loom
10:18 Feudal Age
10:51 Double-Bit Axe
10:56 Horse Collar
18:00 Castle Age
17:51 Stone Mining
17:53 Gold Mining
19:06 Bow Saw
19:02 Heavy Plow
19:50 Stone Shaft Mining
21:27 Fervor
22:31 Sanctity
23:28 Wheelbarrow
27:00 Inquisition
29:25 Hand Cart
29:45 Fletching
30:13 Herbal Medicine
30:21 Devotion
30:34 Redemption
31:22 Atonement
35:11 Imperial Age
32:28 Town Watch
33:22 Scale Barding Armor
33:22 Bodkin Arrow
33:27 Padded Archer Armor
34:45 Ballistics
34:46 Fortified Wall
34:47 Masonry
35:24 Caravan
36:18 Conscription
37:13 Chemistry
37:37 Architecture
37:47 Elite Conquistador
39:03 Hoardings
40:10 Two-Man Saw
40:32 Block Printing
40:57 Illumination
42:23 Thumb Ring
41:39 Elite Skirmisher
43:10 Theocracy
43:51 Supremacy
43:17 Pikeman
43:57 Squires
46:11 Husbandry
45:31 Cavalier
46:57 Faith
47:36 Chain Barding Armor
47:16 Bracer
47:32 Leather Archer Armor
49:06 Bloodlines
48:26 Paladin
51:06 Halberdier
51:32 Arson
222fede222
13:24 Feudal Age
17:23 Castle Age
15:40 Double-Bit Axe
18:44 Bow Saw
20:59 Husbandry
22:31 Gold Mining
22:32 Stone Mining
23:16 Loom
24:39 Gold Shaft Mining
29:31 Scale Barding Armor
29:38 Forging
32:34 Imperial Age
30:54 Fletching
31:06 Padded Archer Armor
32:07 Wheelbarrow
31:18 Town Watch
32:12 Chain Barding Armor
32:18 Murder Holes
32:34 Fortified Wall
33:17 Heavy Scorpion
33:39 Cavalier
34:35 Masonry
34:31 Siege Engineers
35:29 Chemistry
35:47 Plate Barding Armor
37:33 Iron Casting
36:54 Bodkin Arrow
39:16 Hoardings
39:57 Blast Furnace
39:12 Leather Archer Armor
41:52 Paladin
47:57 Capped Ram
49:25 Conscription
48:26 Ordonnance Companies
49:15 Chivalry
52:04 Scale Mail Armor
Connection lost

Rejoining the realm…

Still unreachable

The connection could not be restored.

Session expired

The server has moved on; the page needs a fresh start.